 Dungeon Crawl Stone Soup version 0.28-a0-683-ga8797d1ae1 (webtiles) character file.

Game seed: 9424997741055909991

74 mordus the Shield-Bearer (level 4, -3/35 HPs)
             Began as a Formicid Fighter on Oct 18, 2021.
             Succumbed to a goblin's poison
             ... on level 3 of the Dungeon.
             The game lasted 00:01:38 (2327 turns).

mordus the Shield-Bearer (Formicid Fighter)         Turns: 2327, Time: 00:01:39

Health: -3/35      AC:  9    Str: 21    XL:     4   Next: 52%
Magic:  4/4        EV:  7    Int:  8    God:
Gold:   78         SH:  4    Dex: 10    Spells: 3/3 levels left

rFire   . . .      SeeInvis +   a - +0 flail
rCold   . . .      Faith    .   c - +0 buckler
rNeg    . . .      Spirit   .   l - +0 chain mail
rPois   .          Reflect  .   (helmet unavailable)
rElec   .          Harm     .   (no cloak)
rCorr   +          Rampage  .   (no gloves)
Will    .....                   (no boots)
Stlth   ..........              (no amulet)
HPRegen 0.11/turn               n - ring of resist corrosion
MPRegen 0.09/turn               (no ring)

@: lethally poisoned (-3 -> -20)
A: permanent stasis, dig shafts and tunnels, antennae 3, four strong arms
a: Dig, Shaft Self


You were on level 3 of the Dungeon.
You visited 1 branch of the dungeon, and saw 3 of its levels.

You collected 78 gold pieces.

Inventory:

Hand Weapons
 a - a +0 flail (weapon)
Armour
 b - a +0 scale mail
 c - a +0 buckler (worn)
 l - a +0 chain mail (worn)
Jewellery
 g - a ring of fire
 n - a ring of resist corrosion (left hand)
Wands
 o - a wand of acid (5)
Scrolls
 e - 4 scrolls of teleportation {unknown}
 f - a scroll of torment {unknown}
 h - a scroll of enchant weapon {unknown}
 j - a scroll of magic mapping {unknown}
 k - 2 scrolls of identify {unknown}
 m - a scroll of enchant armour {unknown}
Potions
 d - 2 potions of might
 i - a potion of cancellation {unknown}


   Skills:
 - Level 3.2 Fighting
 * Level 3.4 Maces & Flails
 + Level 3.9 Armour
 + Level 4.3 Shields


You had 3 spell levels left.
You didn't know any spells.
Your spell library was empty.

Dungeon Overview and Level Annotations

Branches:
Dungeon (3/15)

Altars:

Annotations:
D:3 3 runed translucent doors, Robin


Innate Abilities, Weirdness & Mutations

You cannot be hasted, slowed, berserked, paralysed or teleported.
You can dig through walls and to a lower floor.
You have a pair of large antennae on your head. (SInv)
Your four strong arms can wield two-handed weapons with a shield.


Message History

The goblin hits you but does no damage.
You are more poisoned.
The goblin hits you but does no damage.
You are more poisoned.
There are monsters nearby!
You miss the goblin.
You feel very sick. Robin throws the goblin at you!
The goblin hits you but does no damage. x2
You barely miss the goblin.
You feel very sick.
The goblin hits you but does no damage. x2
You are lethally poisoned!
There is a lethal amount of poison in your body!
You closely miss the goblin.
You feel very sick. The goblin hits you but does no damage.
You block the goblin's attack.
You are too injured to fight recklessly!
You are too injured to fight recklessly!
You are too injured to fight recklessly!
You are too injured to fight recklessly!
You are too injured to fight recklessly!
You are too injured to fight recklessly!
You are too injured to fight recklessly!
You are too injured to fight recklessly!
You sock the goblin!
You kill the goblin!
You feel very sick.
The goblin hits you with a +0 dagger of venom.
You are more poisoned.
* * * LOW HITPOINT WARNING * * *
You feel very sick.
Robin roars a battlecry!
The goblin goes into a battle-frenzy!
You hear a shout! x2
Things that are here:
a +0 club; a goblin corpse
* * * LOW HITPOINT WARNING * * *
You feel very sick.
You hear a shout!
You die...

###############
#.....@.g.g...#
#########.###########.#
#.......#.######
###.#............({{
{{{
....##.##.........{{{{{
##.....##.......... {
...†......#.######.
###.#######.#
..........#.#


You could see Robin and a goblin (strong).

Vanquished Creatures
  Ijyb (D:3)
  2 adders (D:2)
  A worm (D:2)
  An orc (D:3)
  An endoplasm (D:1)
  3 giant cockroaches
  2 hobgoblins (D:1)
  5 kobolds
  2 quokkas (D:1)
  3 ball pythons
  2 goblins
  3 rats (D:2)
26 creatures vanquished.

Notes
Turn   | Place    | Note
-------+----------+-------------------------------------------
     0 | D:1      | mordus the Formicid Fighter began the quest for the Orb.
     0 | D:1      | Reached XP level 1. HP: 18/18 MP: 1/1
    79 | D:1      | Found a faded altar of an unknown god.
   527 | D:1      | Reached XP level 2. HP: 19/24 MP: 2/2
  1072 | D:2      | Reached skill level 4 in Shields
  1072 | D:2      | Reached XP level 3. HP: 29/29 MP: 3/3
  1927 | D:3      | Noticed Ijyb
  1935 | D:3      | Killed Ijyb
  1936 | D:3      | Reached XP level 4. HP: 10/35 MP: 4/4
  2189 | D:3      | Found a runed translucent gate.
  2189 | D:3      | Found a runed translucent gate.
  2257 | D:3      | Found a runed translucent gate.
  2318 | D:3      | Noticed Robin
  2326 | D:3      | HP: 1/35 [poisoned by a goblin]
  2327 | D:3      | Succumbed to a goblin's poison

Illustrated notes

Levels and vault maps discovered:
D:1:      psy_arrival_heroes, layout_loops_ring,
          hellmonk_ecumenical_altar_crossroads
D:2:      layout_basic, kennysheep_generic_room_4
D:3:      layout_loops_ring, ebering_ghost_gozag, uniq_ijyb, uniq_robin

Skill      XL: |  1  2  3 |
---------------+----------+-----
Shields        | 4 |  4.3
Maces & Flails | 3 |  3.4
Fighting       | |  3.2
Armour         | |  3.9

Action                   |  1- 3 |  4- 6 || total
-------------------------+-------+-------++-------
Melee: Flail             |    65 |    22 ||    87
 Abil: Dig               |     1 |       ||     1
Armor: Scale mail        |    16 |       ||    16
       Chain mail        |    17 |    22 ||    39
Dodge: Dodged            |    29 |     4 ||    33
Block: Buckler           |     8 |     7 ||    15

Table legend: (Time is in decaauts)
 A = Elapsed time spent in this place.
 B = Non-inter-level travel time spent in this place.
 C = Inter-level travel time spent in this place.
 D = Time resting spent in this place.
 E = Time spent auto-exploring this place.
 F = Levels seen in this place.
 G = Mean time per level.
                   A        B        C        D        E       F      G
               +--------+--------+--------+--------+--------+-----+--------+
         Total |   2350 |   2309 |     41 |    224 |   1805 |   3 |  783.3 |
       Dungeon |   2350 |   2309 |     41 |    224 |   1805 |   3 |  783.3 |
               +--------+--------+--------+--------+--------+-----+--------+

Top non-repeatable levels by time:
     D:2: 1074 daAuts
     D:1: 1072 daAuts
     D:3: 202 daAuts
